 Dungeon Crawl Stone Soup version 0.23.2-1-ga50397a6bc (webtiles) character file.

Game seed: 13742116137557795347

166 Ethylacetat the Firebug (level 5, -2/35 HPs)
             Began as a Demonspawn Fire Elementalist on Apr 15, 2019.
             Killed from afar by KOK29364's ghost (9 damage)
             ... with a zap
             ... on level 3 of the Dungeon.
             The game lasted 00:07:18 (2141 turns).

Ethylacetat the Firebug (DsFE)                      Turns: 2141, Time: 00:07:18

Health: -2/35      AC:  9    Str:  9    XL:     5   Next: 22%
Magic:  0/9        EV: 12    Int: 17    God:
Gold:   57         SH:  0    Dex: 13    Spells: 9/10 levels left

rFire    . . .     SeeInvis .   (no weapon)
rCold    . . .     Gourm    .   (no shield)
rNeg     . . .     Faith    .   a - +0 robe
rPois    .         Spirit   .   (no helmet)
rElec    .         Reflect  .   j - +0 cloak
rCorr    .         Harm     .   (no gloves)
MR       .....                  (no boots)
Stlth    ++........             (no amulet)
HPRegen  0.11/turn              (no ring)
MPRegen  0.11/turn              (no ring)

@: sanguine armour
A: claws 1, powered by death 1, sanguine armour 1
a: no special abilities


You were on level 3 of the Dungeon.
You were not hungry.

You visited 1 branch of the dungeon, and saw 3 of its levels.

You collected 57 gold pieces.

Inventory:

Armour
 a - a +0 robe (worn)
 j - a +0 cloak (worn)
Scrolls
 b - 2 scrolls of identify {unknown}
 d - a scroll of enchant weapon {unknown}
 e - 5 scrolls of enchant armour {unknown}
Potions
 f - 4 potions of curing {unknown}
 g - a potion of resistance {unknown}
 h - 2 potions of brilliance {unknown}
 k - a potion of degeneration {unknown}
 l - 2 potions of might {unknown}
 m - a potion of lignification {unknown}
Comestibles
 c - 2 rations


   Skills:
 - Level 2.0 Dodging
 - Level 1.7 Stealth
 + Level 3.2 Spellcasting
 + Level 2.7 Conjurations
 + Level 3.8 Fire Magic


You had 9 spell levels left.
You knew the following spells:

 Your Spells              Type           Power        Failure   Level  Hunger
a - Flame Tongue          Conj/Fire      ##...        4%          1    None

Your spell library contained the following spells:

 Spells                   Type           Power        Failure   Level  Hunger
 Throw Flame              Conj/Fire      ##....       7%          2    ##.....
 Conjure Flame            Conj/Fire      ##......     13%         3    ###....
 Inner Flame              Hex/Fire       #.......     22%         3    ###....
 Sticky Flame             Conj/Fire      ##......     41%         4    ####...
 Fireball                 Conj/Fire      ##........   77%         5    ######.


Dungeon Overview and Level Annotations

Branches:
Dungeon (3/15)

Altars:

Annotations:
D:3 KOK29364's ghost, weakling DrAE


Innate Abilities, Weirdness & Mutations

You have sharp fingernails.
You regenerate a little health from kills.
When seriously injured, your bleeding wounds create armour. (AC +6)


Message History

KOK29364's ghost is severely damaged.
KOK29364's ghost hits you!
* * * LOW HITPOINT WARNING * * *
Casting: Flame Tongue (safe; 4% risk of failure)
Confirm with . or Enter, or press ? or * to list all spells.
Aiming: Flame Tongue (safe; 4% risk of failure)
Press: ? - help, Shift-Dir - straight line, f/p - KOK29364's ghost
Aim: KOK29364's ghost (severely damaged, covering ground quickly)
The flame tongue hits KOK29364's ghost but does no damage.
KOK29364's ghost is severely damaged.
KOK29364's ghost barely misses you.
Casting: Flame Tongue (safe; 4% risk of failure)
Confirm with . or Enter, or press ? or * to list all spells.
You don't have enough magic to cast that spell.
Unknown command.
KOK29364's ghost hits you.
* * * LOW HITPOINT WARNING * * *
KOK29364's ghost points at you and mumbles some strange words.
The zap hits you!
You die...

###.#####.#......########.
.....g...........'........
###..............#.######
).........#.####.#.#
.....######...#....#######
.....' .......#.#.#.#.#
.....# ###..#..#.#.....#
.....# ##.#....'....##
.....# #...@..'...!.#
#...W#.'...?##
#....#Z#.....#
#....#.#.#.#.#
#.#.Z#.####### #.#....# #
#..#.# ##..... #...###


You could see KOK29364's ghost and a worker ant zombie.

Vanquished Creatures
  A worker ant zombie (D:3)
  7 gnolls (D:3)
  4 adders
  An ooze (D:3)
  2 dart slugs
  A giant cockroach (D:2)
  A goblin (D:1)
  5 hobgoblins
  2 jackals
  9 kobolds
  A quokka (D:2)
  8 bats
  4 frilled lizards
  4 rats
50 creatures vanquished.

Vanquished Creatures (others)
  A leopard gecko skeleton (D:3)
1 creature vanquished.

Grand Total: 51 creatures vanquished

Notes
Turn   | Place    | Note
-------+----------+-------------------------------------------
     0 | D:1      | Ethylacetat the Demonspawn Fire Elementalist began the
                  | quest for the Orb.
     0 | D:1      | Reached XP level 1. HP: 13/13 MP: 3/3
    84 | D:1      | Gained mutation: When seriously injured, your bleeding
                  | wounds create armour. (AC +6) [demonic ancestry]
    84 | D:1      | Reached XP level 2. HP: 4/19 MP: 0/5
   791 | D:2      | Reached XP level 3. HP: 21/24 MP: 1/6
  1447 | D:3      | Gained mutation: You have sharp fingernails. [demonic
                  | ancestry]
  1447 | D:3      | Reached XP level 4. HP: 29/30 MP: 4/8
  1880 | D:3      | Gained mutation: You regenerate a little health from kills.
                  | [demonic ancestry]
  1880 | D:3      | Reached XP level 5. HP: 25/35 MP: 3/9
  1972 | D:3      | Found a runed translucent gate.
  1973 | D:3      | Found a runed translucent gate.
  1976 | D:3      | Found a runed translucent gate.
  1978 | D:3      | Noticed KOK29364's ghost (weakling DrAE)
  2141 | D:3      | Killed from afar by KOK29364's ghost

Skill      XL: |  1  2  3  4 |
---------------+-------------+-----
Dodging        | 2 |  2.0
Fire Magic     | 3 |  3.8
Conjurations   | 2 |  2.7
Spellcasting   | 3 |  3.2
Stealth        | |  1.7

Action                   |  1- 3 |  4- 6 || total
-------------------------+-------+-------++-------
Melee: Unarmed           |    14 |    22 ||    36
 Cast: Flame Tongue      |    60 |    46 ||   106
  Eat: Chunk             |     2 |     2 ||     4
Armor: Robe              |     8 |    16 ||    24
Dodge: Dodged            |    26 |    38 ||    64
